AoeStats
← perromelocoton

Arabia

504257422Analyzed
1v1 RM · 27d ago on Sep 4, 2026· 47m 28s· 2 players
Game mode
Random Map
Map size
Tiny (2 player)
Population
200
Speed
Normal
Resources
Standard
Victory
Conquest
Starting age
Dark Age
Ending age
Imperial Age
RankedLock teamsTeams togetherTeam positionsShared explorationLock speedFull tech treeHidden civsTurbo modeCheats
Victory
Defeat
🇩🇰 Vietnamese · Denmark
919
+17
🇪🇸 Gurjaras · Spain
946
-17
GallopingOlive
7:07 Loom
9:25 Feudal Age
10:03 Double-Bit Axe
19:52 Fletching
21:33 Scale Mail Armor
21:39 Scale Barding Armor
21:47 Forging
21:38 Padded Archer Armor
24:35 Castle Age
25:23 Crossbowman
26:11 Thumb Ring
27:50 Bow Saw
31:22 Bodkin Arrow
34:34 Wheelbarrow
34:53 Horse Collar
34:43 Elite Skirmisher
35:30 Stone Mining
39:18 Hand Cart
39:40 Ballistics
42:00 Leather Archer Armor
43:26 Gold Mining
49:18 Imperial Age
perromelocoton
3:42 Loom
9:45 Feudal Age
10:37 Double-Bit Axe
14:35 Bloodlines
16:31 Scale Barding Armor
16:14 Man-at-Arms
17:29 Scale Mail Armor
20:57 Horse Collar
26:31 Castle Age
24:59 Fletching
28:40 Crossbowman
28:42 Elite Skirmisher
34:53 Thumb Ring
35:52 Ballistics
35:49 Bodkin Arrow
37:26 Padded Archer Armor
39:57 Husbandry
42:36 Forging
44:00 Chain Barding Armor
47:50 Chain Mail Armor
Connection lost

Rejoining the realm…

Still unreachable

The connection could not be restored.

Session expired

The server has moved on; the page needs a fresh start.